[Event "Int SVK-ch Open 2020"]
[Site "Drienica"]
[Date "2020.08.13"]
[Round "5.8"]
[White "Lehocz, Jozsef"]
[Black "Kravec Patrik"]
[Result "1-0"]
[ECO "B01"]
[WhiteElo "1959"]
[BlackElo "2119"]
[Annotator "ChessBase"]
[PlyCount "81"]
[EventDate "2020.08.07"]
[EventType "swiss"]
[EventCountry "SVK"]
[TimeControl "40/5400+30:1800+30"]

1. e4 d5 2. exd5 Qxd5 3. Nc3 Qa5 4. g3 Nf6 5. Bg2 c6 6. Nf3 Qh5 7. d4 Bh3 8. Bxh3 Qxh3 9. Qe2 e6 10. Bg5 Nbd7 11. O-O-O Be7 12. Ne5 Rd8 13. f4 Nb6 14. Rd3 h6 15. g4 Qxd3 16. Qxd3 hxg5 17. fxg5 Nfd7 18. Qe4 Bxg5+ 19. Kb1 Nf6 20. Qd3 Bf4 21. Qe2 Rxd4 22. Nf3 Rd7 23. g5 Nfd5 24. Ne4 Re7 25. h4 a5 26. h5 a4 27. Qd3 f5 28. c4 fxe4 29. Qxe4 Rf8 30. cxd5 exd5 31. Qb4 Be3 32. h6 gxh6 33. gxh6 Nc4 34. b3 Rxf3 35. bxc4 Bd4 36. cxd5 c5 37. Qxa4+ Kf7 38. h7 Re2 39. Qxd4 cxd4 40. h8=Q d3 41. Qh5+ 1-0

[Event "Int SVK-ch Open 2020"]
[Site "Drienica"]
[Date "2020.08.13"]
[Round "5.9"]
[White "Buran Jaroslav"]
[Black "Svobodova, Michaela"]
[Result "1/2-1/2"]
[ECO "D02"]
[WhiteElo "2098"]
[BlackElo "1997"]
[Annotator "ChessBase"]
[PlyCount "57"]
[EventDate "2020.08.07"]
[EventType "swiss"]
[EventCountry "SVK"]
[TimeControl "40/5400+30:1800+30"]

1. Nf3 d5 2. d4 Nf6 3. Bf4 c5 4. dxc5 Qa5+ 5. Nc3 Qxc5 6. e3 Bg4 7. Bxb8 Rxb8 8. Bb5+ Kd8 9. h3 Bxf3 10. Qxf3 e6 11. e4 dxe4 12. O-O-O+ Bd6 13. Nxe4 Nxe4 14. Qxe4 Ke7 15. Ba4 b5 16. Bb3 Rhc8 17. Rhe1 Kf8 18. Qxh7 a5 19. Qh8+ Ke7 20. Qxg7 Bf4+ 21. Kb1 Rb6 22. Qd4 a4 23. Qxf4 axb3 24. Qh4+ Ke8 25. Qh8+ Ke7 26. Qh4+ Ke8 27. Qh8+ Ke7 28. Qh4+ Ke8 29. Qh8+ 1/2-1/2

[Event "Int SVK-ch Open 2020"]
[Site "Drienica"]
[Date "2020.08.11"]
[Round "5.9"]
[White "Bakalar, Jan"]
[Black "Strapec, Lukas"]
[Result "1/2-1/2"]
[ECO "B24"]
[WhiteElo "1900"]
[BlackElo "1517"]
[Annotator "ChessBase"]
[PlyCount "81"]
[EventDate "2020.08.07"]
[EventType "swiss"]
[EventCountry "SVK"]
[SourceTitle "playchess.com"]
[Source "ChessBase"]
[SourceQuality "1"]
[TimeControl "40/5400+30:1800+30"]

1. e4 c5 2. Nc3 Nc6 3. g3 g6 4. Bg2 Bg7 5. d3 e6 6. Be3 b6 7. Qd2 Nge7 8. Bh6 O-O 9. h4 f6 10. Bxg7 Kxg7 11. h5 g5 12. h6+ Kh8 13. Nge2 Bb7 14. O-O-O d5 15. exd5 exd5 16. Rdf1 d4 17. Nd1 Na5 18. Bxb7 Nxb7 19. g4 Qd5 20. Kb1 Qf3 21. Rhg1 Qh3 22. f4 Qxh6 23. Rh1 Qg6 24. f5 Qf7 25. Ng3 Nd6 26. Rh3 Ng8 27. Rfh1 h6 28. Nf2 Qg7 29. Nfe4 Nxe4 30. Nxe4 Rad8 31. b3 Rd7 32. Qh2 Rff7 33. Rh5 Rf8 34. Qg3 Rfd8 35. R1h3 Qf8 36. Qh2 Rh7 37. Qd2 Qg7 38. Rh1 Qe7 39. Re1 Qd7 40. Rhh1 Re8 41. Rh5 1/2-1/2

[Event "Int SVK-ch Open 2020"]
[Site "Drienica"]
[Date "2020.08.13"]
[Round "5.10"]
[White "Priechodsky, Radovan"]
[Black "Frink Ferenc"]
[Result "0-1"]
[ECO "E10"]
[WhiteElo "2003"]
[BlackElo "2079"]
[Annotator "ChessBase"]
[PlyCount "64"]
[EventDate "2020.08.07"]
[EventType "swiss"]
[EventCountry "SVK"]
[TimeControl "40/5400+30:1800+30"]

1. d4 Nf6 2. c4 Nc6 3. Nf3 e6 4. Nc3 d6 5. e4 Bd7 6. Be2 h6 7. h3 e5 8. d5 Ne7 9. Be3 Ng6 10. Qc2 Be7 11. b4 O-O 12. a4 a5 13. bxa5 Rxa5 14. Rb1 b6 15. O-O Nh5 16. Nb5 Nhf4 17. Nxc7 Rxa4 18. Nb5 Ra6 19. Rfc1 f5 20. Bf1 Bg5 21. Nc3 fxe4 22. Nxg5 hxg5 23. Nxe4 Nh4 24. Ra1 Rxa1 25. Rxa1 Bf5 26. Bxf4 gxf4 27. f3 Bg6 28. Ra7 Nf5 29. Qa4 Ng3 30. Qd7 Qxd7 31. Rxd7 Bxe4 32. fxe4 Ra8 0-1

[Event "Int SVK-ch Open 2020"]
[Site "Drienica"]
[Date "2020.08.11"]
[Round "5.10"]
[White "Janik, Marek Tobias"]
[Black "Sedlakova, Ivana"]
[Result "1/2-1/2"]
[ECO "A11"]
[WhiteElo "1600"]
[BlackElo "1983"]
[Annotator "ChessBase"]
[PlyCount "72"]
[EventDate "2020.08.07"]
[EventType "swiss"]
[EventCountry "SVK"]
[SourceTitle "playchess.com"]
[Source "ChessBase"]
[SourceQuality "1"]
[TimeControl "40/5400+30:1800+30"]

1. c4 c6 2. Nc3 d5 3. cxd5 cxd5 4. Nf3 Nc6 5. d4 Nf6 6. e3 e6 7. Bd3 Bd6 8. O-O O-O 9. e4 dxe4 10. Nxe4 Nxe4 11. Bxe4 f5 12. Bc2 Bc7 13. Bb3 Na5 14. Bc2 h6 15. b4 Nc4 16. Bb3 Nb6 17. Re1 Nd5 18. a3 Qf6 19. Bc4 Rd8 20. Qb3 g5 21. Bb2 b6 22. Bxd5 Rxd5 23. Rac1 Bd6 24. Ne5 Bb7 25. Rc2 Re8 26. Qa4 Ra8 27. Rce2 b5 28. Qb3 Bxe5 29. Rxe5 Rxe5 30. Rxe5 Re8 31. d5 Bc8 32. Rxe6 Rxe6 33. dxe6 Bxe6 34. Bxf6 Bxb3 35. Kf1 Kf7 36. Bd4 a6 1/2-1/2

[Event "Int SVK-ch Open 2020"]
[Site "Drienica"]
[Date "2020.08.13"]
[Round "5.11"]
[White "Stevik Patrik"]
[Black "Elias David"]
[Result "0-1"]
[ECO "A01"]
[WhiteElo "2076"]
[BlackElo "1781"]
[Annotator "ChessBase"]
[PlyCount "58"]
[EventDate "2020.08.07"]
[EventType "swiss"]
[EventCountry "SVK"]
[TimeControl "40/5400+30:1800+30"]

1. b3 e5 2. Bb2 Nc6 3. e3 Nf6 4. Nf3 e4 5. Nd4 Nxd4 6. Bxd4 Be7 7. c4 c5 8. Bxf6 Bxf6 9. Nc3 d6 10. Qc2 Bf5 11. Rd1 Bxc3 12. Qxc3 O-O 13. d3 Qe7 14. dxe4 Bxe4 15. Bd3 Rad8 16. O-O d5 17. cxd5 Bxd5 18. Qc2 g6 19. e4 Bc6 20. f4 Rd4 21. e5 Rfd8 22. Bc4 Qd7 23. e6 fxe6 24. f5 Rxd1 25. Bxe6+ Qxe6 26. fxe6 R8d2 27. Rxd1 Rxc2 28. Rd8+ Kg7 29. e7 Re2 0-1

[Event "Int SVK-ch Open 2020"]
[Site "Drienica"]
[Date "2020.08.11"]
[Round "5.11"]
[White "Durica, Andrej"]
[Black "Ivanecka, Natalia"]
[Result "1-0"]
[ECO "C30"]
[WhiteElo "1911"]
[BlackElo "1641"]
[Annotator "ChessBase"]
[PlyCount "47"]
[EventDate "2020.08.07"]
[EventType "swiss"]
[EventCountry "SVK"]
[SourceTitle "playchess.com"]
[Source "ChessBase"]
[SourceQuality "1"]
[TimeControl "40/5400+30:1800+30"]

1. e4 e5 2. f4 d6 3. Nf3 Bg4 4. Bc4 Nf6 5. d3 Nc6 6. h3 Bxf3 7. Qxf3 Na5 8. Bb3 Nxb3 9. axb3 Qd7 10. Nc3 a6 11. O-O Be7 12. Be3 O-O-O 13. Rad1 Rhg8 14. d4 exf4 15. Bxf4 g5 16. Bh2 g4 17. hxg4 Rxg4 18. e5 Nh5 19. e6 Qxe6 20. Rde1 Qg6 21. Rxe7 Rg8 22. Re2 Qh6 23. Qxf7 b6 24. Re8+ 1-0

[Event "Int SVK-ch Open 2020"]
[Site "Drienica"]
[Date "2020.08.11"]
[Round "5.12"]
[White "Bujna, Martin"]
[Black "Kulich, Daniel"]
[Result "1-0"]
[ECO "D31"]
[WhiteElo "1841"]
[BlackElo "1492"]
[Annotator "NA"]
[PlyCount "65"]
[EventDate "2020.08.07"]
[EventType "swiss"]
[EventCountry "SVK"]
[SourceTitle "playchess.com"]
[Source "ChessBase"]
[SourceQuality "1"]
[TimeControl "40/5400+30:1800+30"]

1. d4 d5 2. c4 e6 3. Nc3 Be7 4. e3 Nf6 5. Nf3 O-O 6. Bd3 Nbd7 7. O-O b6 8. Qc2 Bb7 9. cxd5 exd5 10. Bd2 Re8 11. Ne5 a5 12. Bf5 g6 13. Bd3 Bf8 14. Bb5 Ba6 15. Nxd7 Nxd7 16. Bxa6 Rxa6 17. Nxd5 Ra7 18. e4 Nf6 19. Nxf6+ Qxf6 20. e5 Qe6 21. Be3 f6 22. exf6 Qxf6 23. Rac1 Bd6 24. Qc4+ Kg7 25. d5 Qf5 26. Bd4+ Kh6 27. Rc3 g5 28. Rh3+ Kg6 29. Rf3 Qg4 30. Qd3+ Qe4 31. Rf6+ Kh5 32. Qh3+ Qh4 33. g4# 1-0

[Event "Int SVK-ch Open 2020"]
[Site "Drienica"]
[Date "2020.08.13"]
[Round "5.13"]
[White "Antal, Jakub"]
[Black "Bochnicka Vladimir"]
[Result "0-1"]
[ECO "B32"]
[WhiteElo "1918"]
[BlackElo "2151"]
[Annotator "ChessBase"]
[PlyCount "88"]
[EventDate "2020.08.07"]
[EventType "swiss"]
[EventCountry "SVK"]
[TimeControl "40/5400+30:1800+30"]

1. e4 c5 2. Nf3 Nc6 3. d4 cxd4 4. Nxd4 e5 5. Nb5 d6 6. N1c3 a6 7. Na3 Be7 8. Bd3 Nf6 9. O-O O-O 10. Nc4 b5 11. Ne3 Rb8 12. Ncd5 Be6 13. f4 exf4 14. Nxf4 Ne5 15. Kh1 Rc8 16. Bd2 Nfd7 17. Qe2 Bg5 18. Bc3 Re8 19. a4 Bc4 20. axb5 axb5 21. Qf2 Bh4 22. g3 Bf6 23. Rad1 Nc5 24. Bxe5 Rxe5 25. Nfd5 Nxe4 26. Bxe4 Bxf1 27. Bxh7+ Kxh7 28. Rxf1 Kg8 29. Qf3 Qe8 30. Nxf6+ gxf6 31. Ng4 Qc6 32. Nxf6+ Kh8 33. Qxc6 Rxc6 34. Ng4 Re2 35. Rxf7 Rcxc2 36. Rf1 d5 37. h4 d4 38. h5 d3 39. h6 d2 40. Rf8+ Kh7 41. Rf7+ Kg8 42. h7+ Kxf7 43. Ne5+ Rxe5 44. h8=Q d1=Q# 0-1

[Event "Int SVK-ch Open 2020"]
[Site "Drienica"]
[Date "2020.08.11"]
[Round "5.13"]
[White "Recky, Norbert"]
[Black "Lehocz, Jozsef Jr."]
[Result "0-1"]
[ECO "B57"]
[WhiteElo "1799"]
[BlackElo "1596"]
[Annotator "NA"]
[PlyCount "78"]
[EventDate "2020.08.07"]
[EventType "swiss"]
[EventCountry "SVK"]
[SourceTitle "playchess.com"]
[Source "ChessBase"]
[SourceQuality "1"]
[TimeControl "40/5400+30:1800+30"]

1. e4 c5 2. Nf3 d6 3. d4 cxd4 4. Nxd4 Nf6 5. Nc3 Nc6 6. Bc4 Bd7 7. O-O g6 8. f3 Bg7 9. Be3 O-O 10. Qd2 a6 11. Rfd1 b5 12. Bb3 Qc7 13. Nxc6 Bxc6 14. Bd4 a5 15. Nd5 Nxd5 16. Bxg7 Kxg7 17. Bxd5 Rfc8 18. c3 Ra6 19. Qd3 Bxd5 20. exd5 Rb6 21. Kf2 b4 22. cxb4 Rxb4 23. Rd2 Qb6+ 24. Qe3 Rxb2 25. Qxb6 Rxb6 26. Re1 Kf6 27. f4 Rc5 28. g4 Rb4 29. Kf3 Rcc4 30. g5+ Kf5 31. Rxe7 Rxf4+ 32. Kg3 Kxg5 33. Ra7 Ra4 34. Ra6 Rg4+ 35. Kf2 Rgd4 36. Rxd4 Rxd4 37. Rxa5 Rd2+ 38. Kg3 f5 39. a4 f4+ 0-1

[Event "Int SVK-ch Open 2020"]
[Site "Drienica"]
[Date "2020.08.13"]
[Round "5.14"]
[White "Durica, Daniel"]
[Black "Ondo Tomas"]
[Result "1-0"]
[ECO "E63"]
[WhiteElo "1935"]
[BlackElo "2065"]
[Annotator "ChessBase"]
[PlyCount "73"]
[EventDate "2020.08.07"]
[EventType "swiss"]
[EventCountry "SVK"]
[TimeControl "40/5400+30:1800+30"]

1. d4 Nf6 2. Nf3 g6 3. g3 Bg7 4. Bg2 d6 5. c4 O-O 6. Nc3 a6 7. O-O Nc6 8. a3 e5 9. d5 Ne7 10. e4 Nd7 11. b4 h6 12. Be3 f5 13. exf5 gxf5 14. Rc1 Ng6 15. Qc2 Qe8 16. c5 Rf7 17. Na4 Qe7 18. h4 Qf6 19. h5 Ne7 20. cxd6 cxd6 21. Nh4 f4 22. Bd2 Qg5 23. Qc7 Qxh5 24. Qxd6 Nf5 25. Nxf5 Qxf5 26. Rc7 f3 27. Bh1 Bf8 28. Qe6 Qh5 29. Rfc1 e4 30. Rxc8 Rxc8 31. Rxc8 Ne5 32. Qxh6 Qxh6 33. Bxh6 Ng6 34. Nc5 Kh7 35. Bxf8 Nxf8 36. Nxe4 Kg6 37. Nd2 1-0

[Event "Int SVK-ch Open 2020"]
[Site "Drienica"]
[Date "2020.08.11"]
[Round "5.14"]
[White "Tomcikova, Zuzana"]
[Black "Gulas, Gabriel"]
[Result "1-0"]
[ECO "C10"]
[WhiteElo "1785"]
[BlackElo "1472"]
[Annotator "NA"]
[PlyCount "41"]
[EventDate "2020.08.07"]
[EventType "swiss"]
[EventCountry "SVK"]
[SourceTitle "playchess.com"]
[Source "ChessBase"]
[SourceQuality "1"]
[TimeControl "40/5400+30:1800+30"]

1. e4 e6 2. d4 d5 3. Nd2 dxe4 4. Nxe4 Bd7 5. Nf3 Bc6 6. Bd3 Bxe4 7. Bxe4 c6 8. O-O Nf6 9. Bd3 Bd6 10. Qe2 Qc7 11. h3 Nbd7 12. Re1 h6 13. Ne5 O-O 14. c3 c5 15. Nxd7 Qxd7 16. dxc5 Bxc5 17. Bf4 Rad8 18. Rad1 Qa4 19. b4 Nd5 20. Bxh6 Nf6 21. Bc1 1-0

[Event "Int SVK-ch Open 2020"]
[Site "Drienica"]
[Date "2020.08.13"]
[Round "5.15"]
[White "Brnusak Tomas"]
[Black "Sankova, Stella"]
[Result "0-1"]
[ECO "A22"]
[WhiteElo "2064"]
[BlackElo "1997"]
[Annotator "ChessBase"]
[PlyCount "64"]
[EventDate "2020.08.07"]
[EventType "swiss"]
[EventCountry "SVK"]
[TimeControl "40/5400+30:1800+30"]

1. c4 e5 2. Nc3 Nf6 3. g3 Bb4 4. Bg2 Bxc3 5. dxc3 O-O 6. e3 d6 7. Ne2 Nc6 8. O-O Bg4 9. h3 Be6 10. b3 a5 11. a4 Nd7 12. Ba3 f5 13. Ra2 Qf6 14. f4 Rf7 15. e4 g6 16. Kh2 Qg7 17. Rd2 fxe4 18. Bxe4 Qh6 19. Bg2 Nf6 20. Rh1 Ng4+ 21. Kg1 Ne3 22. Qe1 Raf8 23. Qf2 Nxg2 24. Qxg2 g5 25. fxe5 Rf1+ 26. Qxf1 Rxf1+ 27. Kxf1 Bxh3+ 28. Ke1 Nxe5 29. Ng1 g4 30. Kd1 Qe3 31. Ne2 Bg2 32. Rh2 Nf3 0-1

[Event "Int SVK-ch Open 2020"]
[Site "Drienica"]
[Date "2020.08.11"]
[Round "5.15"]
[White "Kubikova, Nina"]
[Black "Furman, Slavomir"]
[Result "0-1"]
[ECO "C02"]
[WhiteElo "1256"]
[BlackElo "1760"]
[Annotator "NA"]
[PlyCount "64"]
[EventDate "2020.08.07"]
[EventType "swiss"]
[EventCountry "SVK"]
[SourceTitle "playchess.com"]
[Source "ChessBase"]
[SourceQuality "1"]
[TimeControl "40/5400+30:1800+30"]

1. e4 e6 2. d4 d5 3. e5 c5 4. c3 Nc6 5. Nf3 Bd7 6. Be2 cxd4 7. cxd4 Nge7 8. Nc3 a6 9. a4 Qb6 10. Rb1 Nf5 11. Be3 Be7 12. O-O O-O 13. Bd3 Nxe3 14. fxe3 f6 15. Nh4 Be8 16. Qg4 Nb4 17. Bf5 Bf7 18. Rf3 fxe5 19. dxe5 h5 20. Qg3 Bxh4 21. Qxh4 exf5 22. Rxf5 Bg6 23. Rxf8+ Rxf8 24. Re1 a5 25. Qh3 d4 26. exd4 Qxd4+ 27. Kh1 Nd3 28. Qe6+ Kh7 29. Qd6 Nf2+ 30. Kg1 Nh3+ 31. Kh1 Qg1+ 32. Rxg1 Nf2# 0-1

[Event "Int SVK-ch Open 2020"]
[Site "Drienica"]
[Date "2020.08.13"]
[Round "5.16"]
[White "Bochnickova Simona"]
[Black "Ihnat Marek"]
[Result "0-1"]
[ECO "B31"]
[WhiteElo "1734"]
[BlackElo "2046"]
[Annotator "ChessBase"]
[PlyCount "56"]
[EventDate "2020.08.07"]
[EventType "swiss"]
[EventCountry "SVK"]
[TimeControl "40/5400+30:1800+30"]

1. e4 c5 2. Nf3 Nc6 3. Bb5 g6 4. O-O Bg7 5. Re1 e5 6. Nc3 d6 7. Nd5 a6 8. Bf1 Nge7 9. d3 O-O 10. c4 b5 11. b3 bxc4 12. bxc4 Rb8 13. Bd2 Bg4 14. Bc3 f5 15. Nxe7+ Qxe7 16. Be2 fxe4 17. dxe4 Be6 18. Qd2 h6 19. Rab1 Nd4 20. Rb2 Qf7 21. Reb1 Rxb2 22. Rxb2 Bxc4 23. Bxd4 exd4 24. Bxc4 Qxc4 25. Rb6 Kh7 26. Rxd6 Rb8 27. g3 Rb1+ 28. Ne1 Qc3 0-1

[Event "Int SVK-ch Open 2020"]
[Site "Drienica"]
[Date "2020.08.11"]
[Round "5.16"]
[White "Kucik, Patrik"]
[Black "Marsina, Stefan"]
[Result "1/2-1/2"]
[ECO "B00"]
[WhiteElo "1561"]
[BlackElo "1829"]
[Annotator "NA RC"]
[PlyCount "81"]
[EventDate "2020.08.07"]
[EventType "swiss"]
[EventCountry "SVK"]
[SourceTitle "playchess.com"]
[Source "ChessBase"]
[SourceQuality "1"]
[TimeControl "40/5400+30:1800+30"]

1. e4 d6 2. Nf3 Nf6 3. Nc3 g6 4. Be2 Bg7 5. d3 c6 6. Be3 {[%emt 0:08:53] B07: Pirc Defence: Miscellaneous Systems.} Ng4 7. Bd2 Qb6 8. O-O {[%emt 0:02:25] [#]} Qxb2 $146 ({Predecessor:} 8... Nd7 9. h3 Nge5 10. Qc1 Nxf3+ 11. Bxf3 O-O 12. Nd1 Nc5 13. Bc3 e5 14. b3 Ne6 {0-1 (33) Jordake,M (1810)-Henrich,D (2140) Heusenstamm 2015}) 9. Rb1 Qa3 10. Rb3 Qa5 11. h3 Nf6 12. Nh2 Qc7 13. Rb1 O-O 14. f4 e5 15. fxe5 dxe5 16. Bg5 Qd6 17. Qd2 Ne8 18. Kh1 b5 19. Bg4 f5 (19... Bd7 $17) 20. Bf3 {[%emt 0:07:12] [#]} a6 $2 ({Better is} 20... f4 $1 $19 21. Ne2 Nc7) 21. Bh6 (21. exf5 $11 gxf5 22. g4) 21... Ra7 22. Qf2 Raf7 23. Be3 Nd7 24. Qe2 (24. exf5 $17 {was called for.} gxf5 25. Bh5) 24... Nc5 25. Bc1 (25. exf5 $17 gxf5 26. Rbd1) 25... Ne6 26. Be3 Nd4 27. Qf2 Nf6 28. Qd2 (28. exf5 {is a better defense.} Bxf5 29. Qd2) 28... b4 29. Bxd4 (29. Na4 $142) 29... exd4 ({Weaker is} 29... Qxd4 30. Ne2 $17) 30. Na4 c5 31. Rbe1 $2 (31. exf5 Bxf5 32. Nb2) 31... fxe4 32. dxe4 Nd7 33. Nb2 Ne5 34. Be2 Be6 35. Rxf7 Rxf7 36. Nd3 Nc4 37. Qg5 Bf6 38. Qxc5 Qg3 39. Nf3 {[%emt 0:01:30] [#]} Ne3 $1 40. Rg1 Qc7 $11 41. e5 1/2-1/2

[Event "Int SVK-ch Open 2020"]
[Site "Drienica"]
[Date "2020.08.13"]
[Round "5.17"]
[White "Garancovsky, Pavol"]
[Black "Hlavac, Peter"]
[Result "1-0"]
[ECO "A43"]
[WhiteElo "2025"]
[BlackElo "1961"]
[Annotator "ChessBase"]
[PlyCount "39"]
[EventDate "2020.08.07"]
[EventType "swiss"]
[EventCountry "SVK"]
[TimeControl "40/5400+30:1800+30"]

1. d4 Nf6 2. Nf3 c5 3. d5 b5 4. e4 Nxe4 5. Bd3 Nd6 6. Bf4 c4 7. Be2 Bb7 8. Bxd6 exd6 9. Nc3 Qa5 10. O-O b4 11. Bxc4 bxc3 12. Re1+ Be7 13. Qe2 O-O 14. Qxe7 cxb2 15. Rab1 Bxd5 16. Qg5 f5 17. Re7 Bf7 18. Bxf7+ Rxf7 19. Re8+ Rf8 20. Qe7 1-0

[Event "Int SVK-ch Open 2020"]
[Site "Drienica"]
[Date "2020.08.11"]
[Round "5.17"]
[White "Nandrazi, Dominik"]
[Black "Sosovickova, Martina"]
[Result "1-0"]
[ECO "A06"]
[WhiteElo "1883"]
[BlackElo "1362"]
[Annotator "NA"]
[PlyCount "77"]
[EventDate "2020.08.07"]
[EventType "swiss"]
[EventCountry "SVK"]
[SourceTitle "playchess.com"]
[Source "ChessBase"]
[SourceQuality "1"]
[TimeControl "40/5400+30:1800+30"]

1. Nf3 d5 2. Rg1 Nf6 3. d4 c5 4. e3 Nc6 {[%emt 0:01:09] [#]} 5. c3 $146 ({Predecessor:} 5. Bb5 a6 6. Bxc6+ bxc6 7. Ne5 Qc7 8. c4 Nd7 9. f4 Nxe5 10. dxe5 e6 11. Nd2 {0-1 (51) Mistry,P (1961)-Fulo,N (2032) Hamilton 2018}) 5... Bf5 6. Bb5 {[%emt 0:01:35] A06: Réti Opening: 1 Nf3 d5.} Qb6 7. Qa4 a6 8. Bxc6+ Qxc6 9. Qxc6+ bxc6 10. dxc5 Bd7 11. Nbd2 e6 12. b4 Be7 13. g4 h6 14. Bb2 Bd8 15. h4 g6 16. c4 Rg8 17. a4 Ke7 18. g5 hxg5 19. hxg5 Ne8 20. Ne5 Bc7 21. e4 Rb8 22. b5 axb5 23. cxb5 cxb5 24. exd5 exd5 {[%emt 0:02:13] [#]} 25. a5 $1 Ra8 26. a6 Ra7 27. Rg3 Bxe5 28. Bxe5 Nc7 {[%emt 0:01:22] [#]} (28... Ng7 $16) 29. Bd6+ (29. Bf6+ $1 $18 {and the rest is easy.} Kf8 {[#]} 30. c6 $1 ) 29... Kd8 30. Rga3 Bc8 31. Nf3 Ne8 $18 (31... Rh8 32. Ne5 Rh1+ 33. Kd2 Rxa1 34. Rxa1 Rxa6) 32. Bb8 Ra8 33. a7 Nc7 34. Ne5 Rf8 35. Kd2 Bf5 36. Rh1 Bc8 37. Rh8 Ke7 38. Rxf8 Kxf8 39. Bxc7 1-0

[Event "Int SVK-ch Open 2020"]
[Site "Drienica"]
[Date "2020.08.11"]
[Round "5.18"]
[White "Soldan, Jan"]
[Black "Kulich, Filip"]
[Result "1/2-1/2"]
[ECO "C42"]
[WhiteElo "1782"]
[BlackElo "1397"]
[Annotator "NA"]
[PlyCount "84"]
[EventDate "2020.08.07"]
[EventType "swiss"]
[EventCountry "SVK"]
[SourceTitle "playchess.com"]
[Source "ChessBase"]
[SourceQuality "1"]
[TimeControl "40/5400+30:1800+30"]

1. e4 e5 2. Nf3 Nf6 3. Nxe5 d6 4. Nf3 Nxe4 5. Nc3 Nxc3 6. bxc3 Be7 7. d4 O-O 8. Be3 Bf5 9. Bd3 Qd7 10. O-O Nc6 11. Rb1 Bxd3 12. Qxd3 b6 13. Ng5 Bxg5 14. Bxg5 d5 15. Qg3 f6 16. Be3 Na5 17. f4 Nc4 18. Rbe1 Nxe3 19. Rxe3 Rae8 20. Rfe1 Rxe3 21. Qxe3 Kf7 22. Kf2 Re8 23. Qxe8+ Qxe8 24. Rxe8 Kxe8 25. a4 Kd7 26. Ke3 a6 27. g4 g5 28. fxg5 fxg5 29. Kd2 Kc6 30. Kc1 a5 31. Kb2 b5 32. Kb3 bxa4+ 33. Kxa4 Kb6 34. c4 dxc4 35. c3 c6 36. Ka3 Kb5 37. Kb2 h6 38. Ka3 Ka6 39. Ka4 Kb6 40. h3 Ka6 41. Ka3 Kb5 42. Kb2 Kb6 1/2-1/2

[Event "Int SVK-ch Open 2020"]
[Site "Drienica"]
[Date "2020.08.13"]
[Round "5.18"]
[White "Paluska Karol"]
[Black "Bednar, Jan"]
[Result "0-1"]
[ECO "D10"]
[WhiteElo "1723"]
[BlackElo "2018"]
[Annotator "ChessBase"]
[PlyCount "96"]
[EventDate "2020.08.07"]
[EventType "swiss"]
[EventCountry "SVK"]
[TimeControl "40/5400+30:1800+30"]

1. Nf3 Nf6 2. d4 d5 3. c4 c6 4. Nc3 a6 5. cxd5 cxd5 6. Bf4 Nc6 7. e3 g6 8. Be2 Bg7 9. Rc1 O-O 10. Ne5 e6 11. g4 Nxe5 12. Bxe5 Bd7 13. h4 Rc8 14. h5 b5 15. Bd6 Re8 16. f4 Bc6 17. Bc5 Ne4 18. Nxe4 dxe4 19. b4 Qd5 20. a3 f6 21. hxg6 hxg6 22. Kf2 Kf7 23. Bf1 g5 24. fxg5 Rh8 25. Bg2 Rxh1 26. Bxh1 Qxg5 27. Qg1 Bd5 28. Qg3 Rh8 29. Bd6 Rh4 30. Bf4 Qxg4 31. Qxg4 Rxg4 32. Rc7+ Kg6 33. Ra7 Rxf4+ 34. exf4 e3+ 35. Kxe3 Bxh1 36. Rxa6 Kf5 37. Rb6 Bh6 38. Rxb5+ Bd5 39. a4 Bxf4+ 40. Kf2 Ke4 41. a5 Be3+ 42. Ke1 Bxd4 43. Rb8 f5 44. b5 Bc3+ 45. Kf2 Bxa5 46. b6 e5 47. b7 Bb6+ 48. Kf1 f4 0-1

[Event "Int SVK-ch Open 2020"]
[Site "Drienica"]
[Date "2020.08.13"]
[Round "5.19"]
[White "Panko, Eduard"]
[Black "Mandak, Miroslav"]
[Result "1/2-1/2"]
[ECO "A00"]
[WhiteElo "1997"]
[BlackElo "1933"]
[Annotator "ChessBase"]
[PlyCount "83"]
[EventDate "2020.08.07"]
[EventType "swiss"]
[EventCountry "SVK"]
[TimeControl "40/5400+30:1800+30"]

1. c3 d5 2. d3 Nf6 3. Bg5 Nbd7 4. Nd2 h6 5. Bxf6 Nxf6 6. Qc2 e6 7. d4 Bd6 8. e3 Bd7 9. h3 c5 10. Bd3 Bc6 11. Ngf3 cxd4 12. exd4 Qb6 13. Qb3 Qc7 14. Rc1 O-O 15. O-O a5 16. Rfe1 a4 17. Qd1 Qb6 18. Rc2 Bb5 19. Qe2 Bxd3 20. Qxd3 Rfc8 21. Ne5 Bxe5 22. dxe5 Ne8 23. Nf3 Nc7 24. a3 Qb5 25. Qe3 Ne8 26. g4 Qc5 27. Nd4 Qe7 28. Qg3 g6 29. f4 Kh8 30. Kh2 Ng7 31. Rf2 Rg8 32. Rf3 Rae8 33. Qf2 f5 34. exf6 Qxf6 35. Qc2 g5 36. Qd2 gxf4 37. Qxf4 Qxf4+ 38. Rxf4 e5 39. Rf6 Kh7 40. Nf5 Nxf5 41. Rxf5 Rg5 42. Rf7+ 1/2-1/2

[Event "Int SVK-ch Open 2020"]
[Site "Drienica"]
[Date "2020.08.11"]
[Round "5.19"]
[White "Dragula, Miroslav"]
[Black "Kukan, Michal"]
[Result "0-1"]
[ECO "D94"]
[WhiteElo "1571"]
[BlackElo "1760"]
[Annotator "NA"]
[PlyCount "50"]
[EventDate "2020.08.07"]
[EventType "swiss"]
[EventCountry "SVK"]
[SourceTitle "playchess.com"]
[Source "ChessBase"]
[SourceQuality "1"]
[TimeControl "40/5400+30:1800+30"]

1. d4 Nf6 2. c4 g6 3. Nc3 d5 4. e3 Bg7 5. Nf3 O-O 6. h3 c6 7. Be2 Ne4 8. Nxe4 dxe4 9. Nd2 f5 10. Nb3 a5 11. Nc5 e5 12. d5 Qd6 13. Na4 Bd7 14. Nc3 Kh8 15. O-O Na6 16. dxc6 Qxc6 17. Qd5 Nb4 18. Qxc6 Bxc6 19. Rb1 Rfd8 20. b3 Nd3 21. Ba3 f4 22. Rfd1 fxe3 23. f3 Nf2 24. Be7 Nxd1 25. Bxd8 Nxc3 0-1

[Event "Int SVK-ch Open 2020"]
[Site "Drienica"]
[Date "2020.08.13"]
[Round "5.20"]
[White "Verbovsky Michal"]
[Black "Dujava, Daniel"]
[Result "1/2-1/2"]
[ECO "D11"]
[WhiteElo "2113"]
[BlackElo "2111"]
[Annotator "ChessBase"]
[PlyCount "51"]
[EventDate "2020.08.07"]
[EventType "swiss"]
[EventCountry "SVK"]
[TimeControl "40/5400+30:1800+30"]

1. d4 Nf6 2. Nf3 d5 3. g3 Bf5 4. Bg2 e6 5. O-O Bd6 6. c4 c6 7. Qb3 b6 8. Nbd2 h6 9. Ne5 Qc7 10. Ndf3 Be4 11. Bd2 Nbd7 12. Qa4 Bxe5 13. Nxe5 Bxg2 14. Kxg2 Nxe5 15. dxe5 Nd7 16. cxd5 exd5 17. Rac1 Nc5 18. Qg4 Qxe5 19. Bc3 Qg5 20. Qxg5 hxg5 21. Bxg7 Rg8 22. Be5 Kd7 23. b4 Rae8 24. Bc3 Ne4 25. e3 Nd6 26. Rfd1 1/2-1/2

[Event "Int SVK-ch Open 2020"]
[Site "Drienica"]
[Date "2020.08.11"]
[Round "5.20"]
[White "Ihnat, Marek"]
[Black "Malinovsky, Jozef"]
[Result "0-1"]
[ECO "B90"]
[WhiteElo "1490"]
[BlackElo "1698"]
[Annotator "NA"]
[PlyCount "88"]
[EventDate "2020.08.07"]
[EventType "swiss"]
[EventCountry "SVK"]
[SourceTitle "playchess.com"]
[Source "ChessBase"]
[SourceQuality "1"]
[TimeControl "40/5400+30:1800+30"]

1. e4 c5 2. Nf3 d6 3. d4 cxd4 4. Nxd4 Nf6 5. Nc3 a6 6. Be3 Nc6 7. f3 e5 8. Nb3 Qc7 9. g4 b5 10. g5 Nh5 11. Qd2 Bb7 12. O-O-O Na5 13. Kb1 Nxb3 14. cxb3 Bc6 15. Rc1 Qb7 16. Rd1 Be7 17. Rg1 O-O 18. Bh3 g6 19. Bg4 Ng7 20. Nd5 Bxd5 21. Qxd5 Qxd5 22. Rxd5 Ne6 23. h4 Rfb8 24. h5 Rb7 25. hxg6 hxg6 26. Rh1 Kg7 27. Rd2 Rbb8 28. Rdh2 Rh8 29. Rxh8 Rxh8 30. Rxh8 Kxh8 31. Bxe6 fxe6 32. Kc2 d5 33. exd5 exd5 34. Kd3 Bd6 35. Bd2 Kg8 36. Ke3 Kf7 37. b4 Ke6 38. a3 Bc7 39. Kf2 Bb6+ 40. Kg3 Kf5 41. Kh4 Bf2+ 42. Kh3 d4 43. b3 Be3 44. Be1 d3 0-1